 Dungeon Crawl Stone Soup version 0.25-a0-589-g1e14c54 (webtiles) character file.

Game seed: 11859525948239177551, levelgen mode: deterministic

55 snetch the Skirmisher (level 3, -2/34 HPs)
             Began as a Minotaur Berserker on Mar 12, 2020.
             Was a Believer of Trog.
             Slain by an adder (4 damage)
             ... on level 2 of the Dungeon.
             The game lasted 00:02:02 (674 turns).

snetch the Skirmisher (Minotaur Berserker)           Turns: 674, Time: 00:02:02

Health: -2/34      AC:  2    Str: 25    XL:     3   Next: 67%
Magic:  2/2        EV: 12    Int:  4    God:    Trog [**....]
Gold:   50         SH:  0    Dex:  9    Spells: 2/2 levels left

rFire    . . .     SeeInvis .   h - +3 dagger
rCold    . . .     Gourm    .   (no shield)
rNeg     . . .     Faith    .   b - +0 animal skin
rPois    .         Spirit   .   (helmet restricted)
rElec    .         Reflect  .   (no cloak)
rCorr    .         Harm     .   (no gloves)
MR       ++...                  (no boots)
Stlth    +.........             (no amulet)
HPRegen  1.11/turn              j - +3 ring of strength
MPRegen  0.08/turn              (no ring)

@: lethally poisoned (-2 -> -10), regenerating
A: retaliatory headbutt, horns 2
a: Berserk, Trog's Hand, Renounce Religion


You were on level 2 of the Dungeon.
You worshipped Trog.
Trog was pleased with you.
You were hungry.

You visited 1 branch of the dungeon, and saw 2 of its levels.

You collected 50 gold pieces.

Inventory:

Hand Weapons
 a - a +0 hand axe
 h - a +3 dagger (weapon)
Missiles
 e - 10 sling bullets
 f - 9 arrows
 g - 58 stones (quivered)
Armour
 b - a +0 animal skin (worn)
 i - a +0 chain mail
Jewellery
 j - a +3 ring of strength (left hand)
Scrolls
 k - 2 scrolls of magic mapping {unknown}
 l - a scroll of identify {unknown}
 n - a scroll of remove curse {unknown}
Potions
 m - a potion of lignification {unknown}
 o - a potion of might {unknown}
 p - a potion of magic {unknown}
Comestibles
 c - 3 rations
 d - 4 chunks of flesh


   Skills:
 + Level 4.5 Fighting
 + Level 4.5 Axes
 + Level 2.5 Armour
 + Level 2.7 Dodging


You had 2 spell levels left.
You didn't know any spells.
Your spell library was empty.

Dungeon Overview and Level Annotations

Branches:
Dungeon (2/15)

Altars:

Annotations:
D:2 Terence


Innate Abilities, Weirdness & Mutations

You reflexively headbutt those who attack you in melee.
You have a pair of horns on your head.


Message History

You are lethally poisoned!
* * * LOW HITPOINT WARNING * * *
You feel sick.
The kobold throws a stone.
The stone barely misses you. Terence barely misses you.
* * * LOW HITPOINT WARNING * * *
You feel sick. The kobold closely misses you. You furiously retaliate!
You headbutt the kobold!
You kill the kobold!
Trog accepts your kill.
Terence hits you with a +1 trident of venom.
* * * LOW HITPOINT WARNING * * *
You are more poisoned.
Found 30 stones.
Okay, then.
Your skin crawls.
You feel resistant to hostile enchantments.
You are feeling hungry.
* * * LOW HITPOINT WARNING * * *
You feel sick. The adder bites you.
You die...

##..... ..###.##
.....# #.##....
...# #.##..#
#.###.##..#
######.........#
#....#.###.##รท##
##.##...# #.##.#
##.####8@8#.###
#.##.###
......S@..((#
#.##...#
......#8.8#.#
#.####.# ....(
##.##.# #.# #.#
.... #..##.# #.#
#.. ... #.###.#
##.####.. ## #.
#.# ......... #.
#.$ ......... #.
## ##.###... #
##..


You could see Terence and an adder.

Vanquished Creatures
  2 adders (D:2)
  A dart slug (D:1)
  A leopard gecko (D:1)
  3 giant cockroaches (D:1)
  2 goblins (D:1)
  6 hobgoblins
  4 jackals (D:1)
  3 bats
  2 frilled lizards
  4 kobolds
  5 rats
33 creatures vanquished.

Notes
Turn   | Place    | Note
-------+----------+-------------------------------------------
     0 | D:1      | snetch the Minotaur Berserker began the quest for the Orb.
     0 | D:1      | Reached XP level 1. HP: 19/19 MP: 0/0
    63 | D:1      | Reached XP level 2. HP: 19/27 MP: 1/1
   366 | D:1      | Reached XP level 3. HP: 30/34 MP: 2/2
   528 | D:1      | Reached ** piety under Trog
   670 | D:2      | Noticed Terence
   674 | D:2      | Slain by an adder

Levels and vault maps discovered:
D:1:      evilmike_arrival_fibonacci_small, layout_rooms
D:2:      layout_loops_ring, first_ration, small_statue_intersection,
          uniq_terence, uniq_sigmund

Skill      XL: |  1  2 |
---------------+-------+-----
Axes           | 4 |  4.5
Fighting       | 4 |  4.5
Armour         | |  2.5
Dodging        | |  2.7

Action                   || total
-------------------------++-------
Melee: Hand axe          ||    19
       Dagger            ||    38
       Headbutt          ||    11
Throw: Stone             ||     3
Invok: Berserk           ||     1
       Trog's Hand       ||     1
Armor: Animal skin       ||     6
Dodge: Dodged            ||    34

Table legend:
 A = Non-vault XP
 B = Vault XP
 C = Vault XP percentage of total XP
 D = Non-vault monster count
 E = Vault monster count
 F = Vault count percentage of total count
                 A         B        C        D         E       F
            +---------+---------+-------+---------+---------+-------
      Total |      77 |       2 |   2.5 |      31 |       2 |   6.1
            +---------+---------+-------+---------+---------+-------
        D:1 |      42 |       2 |   4.5 |      22 |       2 |   8.3
        D:2 |      35 |       0 |   0.0 |       9 |       0 |   0.0
            +---------+---------+-------+---------+---------+-------
